 Dungeon Crawl Stone Soup version 0.30.1-1-g62c8e00024 (webtiles) character file.

Game seed: 16134254128205953628

291 LynnLen the Sneak (level 6, -4/28 HPs)
             Began as a Spriggan Enchanter on July 14, 2023.
             Slain by a two-headed ogre
             ... wielding a +0 giant club
              (32 damage)
             ... on level 4 of the Dungeon.
             The game lasted 00:07:25 (3413 turns).

LynnLen the Sneak (Spriggan Enchanter)              Turns: 3413, Time: 00:07:25

Health: -4/28      AC:  2    Str:  4    XL:     6   Next: 10%
Magic:  13/13      EV: 17    Int: 16    God:
Gold:   183        SH:  0    Dex: 18    Spells: 5/13 levels left

rFire   . . .        d - +3 short sword
rCold   . . .        (no shield)
rNeg    . . .        b - +0 robe
rPois   .            (helmet restricted)
rElec   .            (no cloak)
rCorr   .            (gloves unavailable)
SInv    +            (boots unavailable)
Will    +....        t - amulet of the acrobat
Stlth   ++++         (no ring)
HPRegen 0.24/turn    (no ring)
MPRegen 0.13/turn

%: acrobat
@: very quick
A: very small, no large weapons, unfitting armour, see invisible, speed 3
a: no special abilities


You were on level 4 of the Dungeon.
You visited 1 branch of the dungeon, and saw 4 of its levels.

You collected 183 gold pieces.

Inventory:

Hand Weapons
 a - a +1 dagger
 d - a +3 short sword (weapon)
Armour
 b - a +0 robe (worn)
Jewellery
 t - an amulet of the acrobat (around neck)
Scrolls
 h - a scroll of teleportation
 i - a scroll of magic mapping {unknown}
 k - a scroll of amnesia {unknown}
 l - a scroll of fear {unknown}
 o - a scroll of summoning {unknown}
 p - 2 scrolls of noise {unknown}
 q - 2 scrolls of brand weapon {unknown}
 r - a scroll of identify
 s - a scroll of poison {unknown}
 u - a scroll of torment {unknown}
Potions
 c - 2 potions of invisibility
 e - a potion of attraction
 f - a potion of haste {unknown}
 g - a potion of brilliance
 j - 2 potions of flight
 m - 3 potions of curing {unknown}
 n - a potion of mutation {unknown}


   Skills:
 + Level 2.8 Short Blades
 - Level 2.6 Dodging
 * Level 7.3 Stealth
 + Level 4.0 Spellcasting
 + Level 4.7 Hexes
 + Level 1.5 Ice Magic


You had 5 spell levels left.
You knew the following spells:

 Your Spells              Type           Power      Damage    Failure   Level
a - Ensorcelled Hibernat  Hex/Ice        26%        N/A       7%          2
b - Confusing Touch       Hex            18%        N/A       7%          3
c - Tukima's Dance        Hex            18%        N/A       7%          3

Your spell library contained the following spells:

 Spells                   Type           Power      Damage    Failure   Level
 Sting                    Tmut/Pois      12%        1d3       17%         1
 Dazzling Flash           Conj/Hex       20%        N/A       19%         3
 Dispel Undead            Necr           3%         3d7       86%         4
 Simulacrum               Ice/Necr       2%         N/A       100%        6
 Death's Door             Necr           1%         N/A       100%        9


Dungeon Overview and Level Annotations

Branches:
Dungeon (4/15)
 Temple: D:4-7

Altars:

Shops:
D:3 [


Innate Abilities, Weirdness & Mutations

You are very small and have problems with some larger weapons.
You are too small for most types of armour.
You have supernaturally acute eyesight. (SInv)
You cover ground extremely quickly. (Speed+++)


Message History

An iguana is nearby!
A hobgoblin comes into view.
The hobgoblin shouts!
You hit the iguana.
The iguana is moderately wounded.
The iguana bites you!
Ouch! That really hurt!
Aiming: Ensorcelled Hibernation (safe; 8% risk of failure)
Press: ? - help, Q - select action Shift-Dir - straight line, f - iguana
Aim: an iguana (lightly wounded, chance to affect: 54%)
The iguana looks drowsy...
The helpless iguana fails to defend itself.
You impale the iguana!!
You kill the iguana!
You have reached level 6!
Aiming: Ensorcelled Hibernation (safe; 7% risk of failure)
Press: ? - help, Q - select action Shift-Dir - straight line, f - hobgoblin
Aim: a hobgoblin (chance to affect: 64%)
The hobgoblin looks drowsy...
Unknown command.
The helpless hobgoblin fails to defend itself.
You impale the hobgoblin!!
You kill the hobgoblin!
HP restored.
You see here a hobgoblin corpse.
Found a ring mail.
You see here a +0 ring mail.
There is an escape hatch in the ceiling here.
You open the door.
There is an open door here.
There is a stone staircase leading up here.
u - a scroll labelled MEKUZO ZERR A two-headed ogre comes into view.
It is wielding two +0 giant clubs.
Found a stone staircase leading down.
The helpless two-headed ogre fails to defend itself.
You impale the two-headed ogre!!
The two-headed ogre is heavily wounded.
The two-headed ogre hits you with a +0 giant club!!
Ouch! That really hurt!
You die...

#.##.#......... .
#.#..#...... .
#.#......... .
#.##........
..##.##....###+#+#
.................#
#.#####.#.####.#.#
..###..........#.####
...............O@..>#
#######.#.###.##.##.#
....#
#.#.....##.##.####
....#
#.#.....#...?.....
....#
#.#.....#.###.####
....###.#.......# #
.....##>#.....#.#
.....##.#.....#.#
.....##.#####.#.#


You could see a two-headed ogre.

Vanquished Creatures
  A black bear (D:4)
  An iguana (D:4)
  Terence (D:2)
  3 adders (D:2)
  4 gnolls (D:2)
  3 worms
  2 dart slugs
  4 orcs (D:3)
  5 endoplasms
  2 giant cockroaches
  2 goblins
  5 hobgoblins
  4 quokkas
  10 ball pythons
  7 bats
  A frilled lizard (D:2)
  9 kobolds
  5 rats
69 creatures vanquished.

Notes
Turn   | Place    | Note
-------+----------+-------------------------------------------
     0 | D:1      | LynnLen the Spriggan Enchanter began the quest for the Orb.
     0 | D:1      | Reached XP level 1. HP: 9/9 MP: 5/5
    51 | D:1      | Got Plog's Directory of Viridian Debased Spells
   319 | D:1      | Reached XP level 2. HP: 13/13 MP: 6/6
   331 | D:1      | Learned a level 2 spell: Ensorcelled Hibernation
   461 | D:1      | Reached skill level 5 in Stealth
  1041 | D:2      | Found a faded altar of an unknown god.
  1041 | D:2      | Noticed Terence
  1061 | D:2      | Reached XP level 3. HP: 11/16 MP: 3/8
  1196 | D:2      | Learned a level 3 spell: Confusing Touch
  1200 | D:2      | Learned a level 3 spell: Tukima's Dance
  1402 | D:2      | Killed Terence
  1403 | D:2      | Reached XP level 4. HP: 21/21 MP: 2/10
  1449 | D:2      | Reached skill level 6 in Stealth
  1819 | D:2      | Reached skill level 1 in Ice Magic
  2465 | D:3      | Reached XP level 5. HP: 24/24 MP: 11/11
  2773 | D:3      | Found Xuamif's Armour Boutique.
  3008 | D:4      | Identified the +0 robe of the Equator {+Blink MP-9 Str+3
                  | SInv}
  3028 | D:4      | Noticed a black bear
  3032 | D:4      | Killed a black bear
  3033 | D:4      | Reached skill level 7 in Stealth
  3212 | D:4      | Reached XP level 6. HP: 16/28 MP: 10/13
  3409 | D:4      | Noticed a two-headed ogre
  3413 | D:4      | Slain by a two-headed ogre

Illustrated notes

Levels and vault maps discovered:
D:1:      matt_arrival_grand_opening, layout_basic, serial_bayou_ford_a,
          st_stairs_13, hex_medium
D:2:      layout_basic, hellmonk_ecumenical_altar_run_dry, uniq_terence
D:3:      layout_basic, serial_shops, nicolae_shop_stone
D:4:      layout_basic, kennysheep_pointless_box

Skill      XL: |  1  2  3  4  5 |
---------------+----------------+-----
Stealth        | 5 6 7 |  7.3
Spellcasting   | 3 4 |  4.0
Hexes          | 4 |  4.7
Short Blades   | 2 |  2.8
Ice Magic      | 1 |  1.5
Dodging        | |  2.6

Action                     |  1- 3 |  4- 6 || total
---------------------------+-------+-------++-------
  Melee: Short sword       |    42 |    85 ||   127
         Dagger            |     2 |       ||     2
         Punch             |     1 |       ||     1
   Cast: Ensorcelled Hiber |    12 |     9 ||    21
    Use: Scroll            |     2 |     3 ||     5
   Stab: Sleeping          |    14 |    19 ||    33
 Armour: Robe              |     4 |     4 ||     8
  Dodge: Dodged            |    33 |    48 ||    81
